AoeStats
← hardervidertsie

Arabia

507287800Analyzed
1v1 RM · 16d ago on Sep 17, 2026· 49m 6s· 2 players
Game mode
Random Map
Map size
Tiny (2 player)
Population
200
Speed
Normal
Resources
Standard
Victory
Conquest
Starting age
Dark Age
Ending age
Imperial Age
RankedLock teamsTeams togetherTeam positionsShared explorationLock speedFull tech treeHidden civsTurbo modeCheats
Victory
Defeat
🇲🇽 Maya · Mexico
1330
+16
🇳🇱 Magyars · Netherlands
1340
-16
NecroSorcererII
0:26 Loom
9:28 Feudal Age
9:58 Double-Bit Axe
12:11 Scale Mail Armor
16:35 Wheelbarrow
19:20 Horse Collar
20:43 Forging
23:11 Town Watch
25:41 Castle Age
26:01 Pikeman
27:18 Iron Casting
27:54 Chain Mail Armor
28:17 Squires
27:39 Eagle Warrior
28:31 Arson
28:37 Arson
28:50 Gold Mining
35:06 Hand Cart
35:03 Bow Saw
34:54 Heavy Plow
38:01 Fletching
38:42 Bodkin Arrow
41:27 Ballistics
44:00 Imperial Age
42:03 Padded Archer Armor
44:10 Leather Archer Armor
44:13 Sappers
44:50 Bracer
45:53 Chemistry
44:20 Elite Eagle Warrior
47:42 Plate Mail Armor
49:15 Ring Archer Armor
hardervidertsie
7:14 Loom
9:53 Feudal Age
10:33 Double-Bit Axe
15:03 Horse Collar
17:23 Wheelbarrow
17:00 Gold Mining
21:46 Castle Age
19:50 Fletching
21:19 Bloodlines
22:15 Padded Archer Armor
22:21 Scale Barding Armor
23:28 Bow Saw
24:19 Heavy Plow
28:49 Town Watch
29:54 Bodkin Arrow
32:04 Ballistics
42:44 Hand Cart
46:39 Imperial Age
45:05 Leather Archer Armor
44:58 Elite Skirmisher
46:08 Masonry
46:28 Thumb Ring
47:33 Bracer
48:40 Chemistry
48:08 Bracer
49:32 Ring Archer Armor
Connection lost

Rejoining the realm…

Still unreachable

The connection could not be restored.

Session expired

The server has moved on; the page needs a fresh start.